Map: 카이로스 정션 - 래더

Players

JinairRogue (Rogue)

  • Race: Zerg Zerg
  • League: Master
  • Spawn Location: 5:00

Cure - Winner!

  • Race: Terran Terran
  • Spawn Location: 11:00

Event: IEM Season 13 - Katowice Server Qualifiers Asia 1

VOD

Have the link to the VOD?

Description

Time

  • Played on: Jan. 14, 2019, 4:12 a.m.
  • Length: 5:31

All games in this series

Show
View Real Time Build Order
Export as new Build Order

JinairRogue Zerg 

Build Orders: Hatch First 

Get SALT Encoding   

  12  0:00  Drone  
  13  0:13  Overlord  
  13  0:16  Drone  
  14  0:31  Drone x2  
  16  0:48  Hatchery  
  15  0:51  Drone  
  15  0:55  Drone  
  17  0:58  Drone  
  18  1:09  Extractor  
  17  1:13  Spawning Pool  
  17  1:16  Drone  
  17  1:20  Drone  
  18  1:30  Drone  
  19  1:39  Overlord  
  19  1:51  Drone  
  20  1:59  Queen  
  20  2:00  Queen, Zergling x4  
  26  2:11  Zergling x2, Drone  
  28  2:22  Hatchery  
  27  2:25  Drone  
  27  2:28  Drone  
  29  2:33  Drone x2  
  31  2:38  Metabolic Boost  
  31  2:47  Queen  
  33  2:53  Overlord  
  33  2:56  Drone x2  
  35  2:59  Drone  
  36  3:11  Queen  
  36  3:12  Drone x3  
  41  3:16  Drone  
  41  3:18  Overlord  
  42  3:22  Drone  
  42  3:23  Drone  
  44  3:35  Queen, Overlord  
  44  3:39  Drone x3  
  50  3:41  Drone  
  50  3:44  Drone x2  
  50  3:47  Zergling x2  
  50  3:48  Zergling x2  
  54  3:53  Queen  
  56  4:00  Drone x4  
  60  4:04  Spore Crawler  
  59  4:11  Drone  
  59  4:12  Evolution Chamber x2, Drone  
  59  4:16  Queen  
  61  4:19  Overlord  
  61  4:20  Zergling x2  
  61  4:26  Drone x4  
  65  4:33  Spore Crawler  
  65  4:34  Drone  
  65  4:37  Overlord  
  65  4:49  Drone x4  
  65  4:50  Drone x3  
  68  4:57  Drone  
  68  5:01  Drone x3  
  68  5:06  Drone x5  
  76  5:10  Overlord  
Show
View Real Time Build Order
Export as new Build Order

Cure Terran - Winner!

Build Orders: Gas First Reaper Expand, Liberator Opening 

Get SALT Encoding   

  12  0:00  SCV  
  13  0:12  SCV  
  14  0:16  Supply Depot  
  14  0:24  SCV  
  14  0:27  Refinery  
  15  0:38  SCV  
  16  0:43  Barracks  
  16  0:50  SCV  
  17  1:02  SCV  
  18  1:14  SCV  
  19  1:30  Orbital Command  
  19  1:31  Reaper  
  20  1:42  Command Center  
  20  1:53  Factory  
  20  1:56  SCV  
  21  2:03  Refinery  
  21  2:05  Barracks Reactor  
  21  2:08  SCV  
  21  2:13  Supply Depot  
  22  2:20  SCV  
  23  2:34  SCV  
  24  2:37  Starport  
  24  2:43  Hellion  
  24  2:44  Hellion  
  28  2:46  Marine, SCV  
  30  2:54  Orbital Command  
  30  2:56  Liberator  
  30  2:59  SCV  
  31  3:10  Marine  
  31  3:11  SCV  
  33  3:18  Supply Depot  
  36  3:20  SCV  
  36  3:23  SCV  
  38  3:31  Hellion x2  
  38  3:33  SCV  
  43  3:35  SCV  
  44  3:41  Supply Depot  
  44  3:45  Liberator, SCV  
  44  3:47  SCV  
  46  3:52  Hellion x2  
  50  3:57  SCV  
  50  3:59  Barracks Tech Lab, SCV  
  55  4:10  SCV  
  55  4:11  SCV, Supply Depot  
  55  4:14  Supply Depot  
  57  4:19  Marine  
  57  4:22  SCV  
  57  4:23  SCV  
  60  4:28  Factory Tech Lab  
  60  4:34  SCV  
  60  4:35  SCV  
  60  4:37  Marine, Command Center  
  63  4:46  SCV  
  63  4:48  SCV  
  65  4:56  Marine, Starport Reactor  
  65  4:58  SCV  
  65  4:59  Barracks x2, Factory Reactor  
  67  5:00  SCV  
  67  5:03  Engineering Bay  
  67  5:05  Engineering Bay  
  65  5:11  SCV  
  65  5:12  SCV  
  68  5:27  Refinery  
  68  5:28  Barracks x2, Refinery  

Tags
 
Add a new tag
Caveats
  • Supply blocks, unpowered buildings, or Contaminate may cause inaccurate times.
  • Supply counts are checked every 10 seconds.